Canadiens vs Sharks

Created - 3 octobre 2019 at 19:06

Simulating a Pre-Season

Goals
1 2 3 OT1 T
Canadiens 0 1 0 1 2
Sharks 1 0 0 0 1
Shots
1 2 3 OT1 T
Canadiens 14 11 8 2 35
Sharks 8 13 4 4 29

1st period

1. Sharks , Jonathan Huberdeau 4 (Sidney Crosby 5, Gabriel Landeskog 8) at 14:53

Penalties :
No Penalty

2nd period

2. Canadiens , Max Pacioretty 4 (Travis Hamonic 2, Robin Lehner) at 7:13

Penalties :
Max Pacioretty (MTL) for Holding (Minor) at 17:12

3rd period

No Goal

Penalties :
Jonathan Drouin (SJS) for Hooking (Minor) at 0:10, Magnus Paajarvi (MTL) for Hooking (Minor) at 2:24, Justin Braun (SJS) for Interference (Minor) at 7:04, Adam Larsson (MTL) for Roughing (Minor) at 13:36, Boone Jenner (SJS) for Hooking (Minor) at 18:03

Overtime #1

3. Canadiens , Chris Kreider 5 (Jake Muzzin 2, Mathew Barzal 9) at 1:40

Penalties :
No Penalty

Goalie Stats

Robin Lehner (MTL), 28 saves from 29 shots - (0,966), W, 8-4-1, 61:40 minutes
Jake Allen (SJS), 33 saves from 35 shots - (0,943), OTL, 3-2-1, 61:40 minutes

Players Stats for Canadiens

Player Name              G  A  P  +/- PIM S  H  SB GA TA FO     MP     PP MP  PK MP  
------------------------------------------------------------------------------------
Adam Larsson             0  0  0   0  2   1  3  4  0  1  0/0    18:39   2:24   1:19 
Andreas Athanasiou       0  0  0   0  0   1  1  2  0  0  0/0    14:48   2:43   0:07 
Brandon Pirri            0  0  0   1  0   3  0  0  2  0  0/2     8:23   0:00   0:00 
Brent Seabrook           0  0  0   0  0   4  0  4  0  0  0/0    29:44   3:30   3:48 
Brett Pesce              0  0  0   0  0   0  1  1  0  0  0/0    12:29   0:00   0:06 
Bryan Little             0  0  0   0  0   2  1  1  1  0  2/9    13:06   0:00   1:28 
Chris Kreider            1  0  1   0  0   5  1  0  2  0  1/1    20:55   3:11   1:25 
Jake Muzzin              0  1  1   1  0   3  2  2  0  0  0/0    28:53   3:30   3:42 
John Moore               0  0  0   0  0   1  1  0  0  0  0/0    12:49   0:00   0:44 
Jordan Weal              0  0  0   1  0   3  0  0  0  2  1/1     8:23   0:00   0:00 
Magnus Paajarvi          0  0  0   0  2   0  2  0  0  1  0/0    12:30   0:00   0:59 
Mathew Barzal            0  1  1   1  0   2  2  1  0  1  7/17   16:47   2:43   1:56 
Max Pacioretty           1  0  1   0  2   3  0  0  2  0  0/2    11:30   0:00   0:00 
Mitch Marner             0  0  0  -1  0   2  0  0  1  0  1/2    23:53   3:11   3:01 
Nate Thompson            0  0  0   1  0   1  0  2  0  0  0/0     8:23   0:00   0:00 
Nino Niederreiter        0  0  0   0  0   1  0  2  0  0  0/0    14:41   2:43   0:00 
Ryan O'Reilly            0  0  0  -1  0   1  2  3  1  0  14/29  23:56   3:11   2:58 
Travis Hamonic           0  1  1   0  0   2  2  1  0  0  0/0    19:30   2:24   2:15 

Players Stats for Sharks

Player Name              G  A  P  +/- PIM S  H  SB GA TA FO     MP     PP MP  PK MP  
------------------------------------------------------------------------------------
Alex Pietrangelo         0  0  0   0  0   3  2  1  0  0  0/0    21:17   2:58   1:29 
Andreas Johnsson         0  0  0   0  0   1  0  0  0  0  0/0    13:41   0:00   0:00 
Boone Jenner             0  0  0   0  2   2  2  1  1  1  8/12   16:07   0:00   2:09 
Colton Sceviour          0  0  0   0  0   2  0  1  0  0  4/6    21:58   0:00   3:04 
Dylan Larkin             0  0  0  -1  0   4  2  0  1  0  11/16  20:17   2:46   1:57 
Gabriel Landeskog        0  1  1   1  0   1  0  1  1  0  1/1    18:24   3:11   0:20 
Jonathan Drouin          0  0  0  -1  2   1  1  0  0  1  2/3    18:24   3:11   0:50 
Jonathan Huberdeau       1  0  1   0  0   3  0  1  0  1  0/1    19:03   2:46   1:34 
Justin Braun             0  0  0  -1  2   1  1  1  0  1  0/0    18:30   0:00   2:00 
Kenny Agostino           0  0  0   0  0   0  0  0  0  0  0/0     0:00   0:00   0:00 
Michael Raffl            0  0  0   0  0   1  0  0  0  0  0/0     7:47   0:00   1:57 
Mirco Mueller            0  0  0   0  0   0  0  1  0  2  0/0    17:25   0:00   2:56 
Robert Thomas            0  0  0   0  0   0  0  0  0  0  0/2     5:11   0:00   0:00 
Shea Theodore            0  0  0   0  0   1  1  2  2  0  0/0    20:20   2:58   2:31 
Sidney Crosby            0  1  1   1  0   2  0  1  0  1  11/22  19:16   3:11   0:00 
Teuvo Teravainen         0  0  0  -2  0   5  0  0  0  0  0/0    17:11   2:46   0:00 
Tyson Barrie             0  0  0   0  0   2  0  1  0  1  0/0    20:45   2:59   0:00 
Zach Werenski            0  0  0   0  0   0  1  2  0  1  0/0    23:43   2:59   2:58 

3 Stars

1 - Robin Lehner (MTL)
2 - Jake Allen (SJS)
3 - Chris Kreider (MTL)

Power Play

Canadiens - 0 on 3 Attempt(s) - 0,00%
Sharks - 0 on 3 Attempt(s) - 0,00%

Penalty Kill

Canadiens - 3 on 3 Attempt(s) - 100,00% - Score 0 goal in Penalty Kill
Sharks - 3 on 3 Attempt(s) - 100,00% - Score 0 goal in Penalty Kill

Team Stat

Canadiens - Hits : 18 - Faceoff Wins : 26 - Blocked Shots : 23 - Penalty Minutes : 6
Sharks - Hits : 10 - Faceoff Wins : 37 - Blocked Shots : 13 - Penalty Minutes : 6

Official

Referees : Wes McCauley and TJ Luxmore
Linesman : Jonny Murray and John Grandt

Game Notes

No Game Note

Canadiens

5 vs 5 Forward 
   Center                   Left Wing                Right Wing               Time % Phy DF OF 
 1 Ryan O'Reilly            Chris Kreider            Mitch Marner             40     1   2  2  
 2 Mathew Barzal            Andreas Athanasiou       Nino Niederreiter        30     1   2  2  
 3 Bryan Little             Max Pacioretty           Magnus Paajarvi          20     1   2  2  
 4 Brandon Pirri            Nate Thompson            Jordan Weal              10     1   2  2  

5 vs 5 Defense 
   Defense                  Defense                                           Time % Phy DF OF 
 1 Brent Seabrook           Jake Muzzin                                       40     1   2  2  
 2 Adam Larsson             Travis Hamonic                                    30     1   2  2  
 3 Brett Pesce              John Moore                                        20     1   2  2  
 4 Brent Seabrook           Jake Muzzin                                       10     1   2  2  

PowerPlay Forward 
   Center                   Left Wing                Right Wing               Time % Phy DF OF 
 1 Ryan O'Reilly            Chris Kreider            Mitch Marner             60     1   2  2  
 2 Mathew Barzal            Andreas Athanasiou       Nino Niederreiter        40     1   2  2  

PowerPlay Defense
   Defense                  Defense                                           Time % Phy DF OF 
 1 Brent Seabrook           Jake Muzzin                                       60     1   2  2  
 2 Adam Larsson             Travis Hamonic                                    40     1   2  2  

Penalty Kill 4 Players Forward 
   Center                   Wing                     Time % Phy DF OF 
 1 Ryan O'Reilly            Mitch Marner             60     1   2  2  
 2 Chris Kreider            Mathew Barzal            40     1   2  2  

Penalty Kill 4 Players Defense
   Defense                  Defense                  Time % Phy DF OF 
 1 Brent Seabrook           Jake Muzzin              60     1   2  2  
 2 Adam Larsson             Travis Hamonic           40     1   2  2  

Penalty Kill - 3 Players Forward 
   Forward                                           Time % Phy DF OF 
 1 Ryan O'Reilly                                     60     1   2  2  
 2 Mitch Marner                                      40     1   2  2  

Penalty Kill - 3 Players Defense
   Defense                  Defense                  Time % Phy DF OF 
 1 Brent Seabrook           Jake Muzzin              60     1   2  2  
 2 Adam Larsson             Travis Hamonic           40     1   2  2  

4 vs 4 Forward 
   Center                   Wing                     Time % Phy DF OF 
 1 Ryan O'Reilly            Mitch Marner             60     1   2  2  
 2 Chris Kreider            Mathew Barzal            40     1   2  2  

4 vs 4 Defense
   Defense                  Defense                  Time % Phy DF OF 
 1 Brent Seabrook           Jake Muzzin              60     1   2  2  
 2 Adam Larsson             Travis Hamonic           40     1   2  2  

Last Minutes Offensive
   Center                   Left Wing                Right Wing               Defense                  Defense                  
   Ryan O'Reilly            Chris Kreider            Mitch Marner             Brent Seabrook           Jake Muzzin              

Last Minutes Defensive
   Center                   Left Wing                Right Wing               Defense                  Defense                  
   Ryan O'Reilly            Chris Kreider            Mitch Marner             Brent Seabrook           Jake Muzzin              

Goaltenders
Starting : Robin Lehner             
Backup : Laurent Brossoit         

Extra Forwards
Normal : Bryan Little, Max Pacioretty, Magnus Paajarvi - PP : Bryan Little, Max Pacioretty - PK : Magnus Paajarvi
Extra Defensemen
Normal : Brett Pesce, John Moore, Adam Larsson - PP : Brett Pesce - PK : John Moore, Adam Larsson
Penalty Shots
Ryan O'Reilly, Mitch Marner, Chris Kreider, Mathew Barzal, Andreas Athanasiou
Custom OT Lines Forwards
Ryan O'Reilly, Mitch Marner, Chris Kreider, Mathew Barzal, Andreas Athanasiou, Nino Niederreiter, Bryan Little, Max Pacioretty, Magnus Paajarvi, Brandon Pirri
Custom OT Lines Defensemen
Brent Seabrook, Jake Muzzin, Adam Larsson, Travis Hamonic, Brett Pesce

Scratches
Sven Baertschi (Healthy), Anthony DeAngelo (Healthy)

Sharks

5 vs 5 Forward 
   Center                   Left Wing                Right Wing               Time % Phy DF OF 
 1 Sidney Crosby            Gabriel Landeskog        Jonathan Huberdeau       35     0   1  4  
 2 Dylan Larkin             Teuvo Teravainen         Jonathan Drouin          35     0   2  3  
 3 Boone Jenner             Andreas Johnsson         Colton Sceviour          30     0   2  3  
 4 Robert Thomas            Colton Sceviour          Michael Raffl            0      0   4  1  

5 vs 5 Defense 
   Defense                  Defense                                           Time % Phy DF OF 
 1 Alex Pietrangelo         Justin Braun                                      35     0   2  3  
 2 Zach Werenski            Tyson Barrie                                      35     0   2  3  
 3 Shea Theodore            Mirco Mueller                                     25     0   3  2  
 4 Mirco Mueller            Shea Theodore                                     5      0   3  2  

PowerPlay Forward 
   Center                   Left Wing                Right Wing               Time % Phy DF OF 
 1 Sidney Crosby            Gabriel Landeskog        Jonathan Drouin          55     0   0  5  
 2 Dylan Larkin             Teuvo Teravainen         Jonathan Huberdeau       45     0   1  4  

PowerPlay Defense
   Defense                  Defense                                           Time % Phy DF OF 
 1 Alex Pietrangelo         Shea Theodore                                     55     0   1  4  
 2 Zach Werenski            Tyson Barrie                                      45     0   1  4  

Penalty Kill 4 Players Forward 
   Center                   Wing                     Time % Phy DF OF 
 1 Colton Sceviour          Boone Jenner             55     0   3  2  
 2 Dylan Larkin             Michael Raffl            45     0   3  2  

Penalty Kill 4 Players Defense
   Defense                  Defense                  Time % Phy DF OF 
 1 Mirco Mueller            Justin Braun             55     0   4  1  
 2 Zach Werenski            Shea Theodore            45     0   4  1  

Penalty Kill - 3 Players Forward 
   Forward                                           Time % Phy DF OF 
 1 Boone Jenner                                      55     0   5  0  
 2 Colton Sceviour                                   45     0   5  0  

Penalty Kill - 3 Players Defense
   Defense                  Defense                  Time % Phy DF OF 
 1 Alex Pietrangelo         Justin Braun             55     0   5  0  
 2 Zach Werenski            Tyson Barrie             45     0   5  0  

4 vs 4 Forward 
   Center                   Wing                     Time % Phy DF OF 
 1 Gabriel Landeskog        Dylan Larkin             55     0   2  3  
 2 Jonathan Huberdeau       Teuvo Teravainen         45     0   2  3  

4 vs 4 Defense
   Defense                  Defense                  Time % Phy DF OF 
 1 Alex Pietrangelo         Justin Braun             55     0   3  2  
 2 Zach Werenski            Tyson Barrie             45     0   3  2  

Last Minutes Offensive
   Center                   Left Wing                Right Wing               Defense                  Defense                  
   Dylan Larkin             Gabriel Landeskog        Jonathan Huberdeau       Alex Pietrangelo         Justin Braun             

Last Minutes Defensive
   Center                   Left Wing                Right Wing               Defense                  Defense                  
   Dylan Larkin             Gabriel Landeskog        Jonathan Huberdeau       Alex Pietrangelo         Justin Braun             

Goaltenders
Starting : Jake Allen               
Backup : Darcy Kuemper            

Extra Forwards
Normal : Andreas Johnsson, Michael Raffl, Colton Sceviour - PP : Andreas Johnsson, Michael Raffl - PK : Colton Sceviour
Extra Defensemen
Normal : Justin Braun, Shea Theodore, Zach Werenski - PP : Alex Pietrangelo - PK : Shea Theodore, Alex Pietrangelo
Penalty Shots
Gabriel Landeskog, Dylan Larkin, Jonathan Huberdeau, Teuvo Teravainen, Boone Jenner
Custom OT Lines Forwards
Sidney Crosby, Dylan Larkin, Jonathan Huberdeau, Teuvo Teravainen, Boone Jenner, Jonathan Drouin, Andreas Johnsson, Michael Raffl, Colton Sceviour, Gabriel Landeskog
Custom OT Lines Defensemen
Alex Pietrangelo, Justin Braun, Zach Werenski, Tyson Barrie, Shea Theodore

Scratches
Mark Borowiecki (Healthy)

% Time on Ice - Canadiens

Lines # - Real PCT - Wanted PCT - Time Play
Normal Forward
1 - 35% - 40% - 17:05
2 - 25% - 30% - 11:58
3 - 22% - 20% - 10:43
4 - 17% - 10% - 8:23
Normal Defense
1 - 37% - 40% - 17:49
2 - 31% - 30% - 15:09
3 - 25% - 20% - 12:05
4 - 6% - 10% - 3:06
PP Forward
1 - 54% - 60% - 3:11
2 - 46% - 40% - 2:43
PP Defense
1 - 59% - 60% - 3:30
2 - 41% - 40% - 2:24
PK Forward
1 - 76% - 60% - 4:32
2 - 24% - 40% - 1:25
PK Defense
1 - 61% - 60% - 3:36
2 - 39% - 40% - 2:21
PK3 Forward
1 - 0% - 60%
2 - 0% - 40%
PK3 Defense
1 - 0% - 60%
2 - 0% - 40%
44 Forward
1 - 100% - 60% - 0:03
2 - 0% - 40% - 0:00
44 Defense
1 - 100% - 60% - 0:03
2 - 0% - 40% - 0:00
Last Minute Offensive  - 0:00
Last Minute Defensive  - 0:00
Total
Forward - 60:03
Defense - 60:03

% Time on Ice - Sharks

Lines # - Real PCT - Wanted PCT - Time Play
Normal Forward
1 - 31% - 35% - 14:55
2 - 30% - 35% - 14:22
3 - 28% - 30% - 13:41
4 - 11% - 0% - 5:11
Normal Defense
1 - 34% - 35% - 16:19
2 - 37% - 35% - 17:46
3 - 24% - 25% - 11:47
4 - 5% - 5% - 2:17
PP Forward
1 - 54% - 55% - 3:11
2 - 46% - 45% - 2:46
PP Defense
1 - 50% - 55% - 2:58
2 - 50% - 45% - 2:59
PK Forward
1 - 67% - 55% - 3:57
2 - 33% - 45% - 1:57
PK Defense
1 - 57% - 55% - 3:23
2 - 43% - 45% - 2:31
PK3 Forward
1 - 100% - 55% - 0:03
2 - 0% - 45% - 0:00
PK3 Defense
1 - 100% - 55% - 0:03
2 - 0% - 45% - 0:00
44 Forward
1 - 0% - 55%
2 - 0% - 45%
44 Defense
1 - 0% - 55%
2 - 0% - 45%
Last Minute Offensive  - 0:00
Last Minute Defensive  - 0:00
Total
Forward - 60:03
Defense - 60:03

Play-by-Play

1st period


0:01 of 1st period - Ryan O'Reilly wins face-off versus Sidney Crosby in neutral zone.
1:10 of 1st period - Off-side.
1:11 of 1st period - Chris Kreider wins face-off versus Dylan Larkin in neutral zone.
1:41 of 1st period - Snap shot by Jordan Weal.
1:41 of 1st period - Shot Blocked by Jonathan Huberdeau.
1:43 of 1st period - Slapshot by Nate Thompson.
1:43 of 1st period - Stopped by Jake Allen with a rebound.
1:45 of 1st period - Snap shot by Jordan Weal.
1:45 of 1st period - Shot Blocked by Gabriel Landeskog.
1:47 of 1st period - Slapshot by Nate Thompson.
1:47 of 1st period - Shot Misses the Net.
2:23 of 1st period - Off-side.
2:24 of 1st period - Dylan Larkin wins face-off versus Mathew Barzal in neutral zone.
4:37 of 1st period - Slapshot by Jordan Weal.
4:37 of 1st period - Shot Misses the Net.
5:05 of 1st period - Wrist shot by Dylan Larkin.
5:05 of 1st period - Deflect By Jonathan Drouin.
5:05 of 1st period - Deflect By Brett Pesce.
5:05 of 1st period - Shot Misses the Net.
5:05 of 1st period - Puck is out of play.
5:06 of 1st period - Dylan Larkin wins face-off versus Mathew Barzal in Canadiens zone.
6:25 of 1st period - Justin Braun is hit by Adam Larsson and loses puck.
6:36 of 1st period - Snap shot by Dylan Larkin.
6:36 of 1st period - Shot Misses the Net.
7:39 of 1st period - Off-side.
7:40 of 1st period - Dylan Larkin wins face-off versus Ryan O'Reilly in neutral zone.
7:43 of 1st period - Slapshot by Dylan Larkin.
7:43 of 1st period - Shot Blocked by Ryan O'Reilly.
8:28 of 1st period - Snap shot by Max Pacioretty.
8:28 of 1st period - Stopped by Jake Allen without a rebound.
8:29 of 1st period - Boone Jenner wins face-off versus Bryan Little in Sharks zone.
8:54 of 1st period - Magnus Paajarvi is hit by Boone Jenner and loses puck.
9:03 of 1st period - Snap shot by Max Pacioretty.
9:03 of 1st period - Stopped by Jake Allen with a rebound.
9:05 of 1st period - Wrist shot by Max Pacioretty.
9:05 of 1st period - Shot Misses the Net.
9:24 of 1st period - Snap shot by Bryan Little.
9:24 of 1st period - Stopped by Jake Allen with a rebound.
9:26 of 1st period - Snap shot by John Moore.
9:26 of 1st period - Shot Misses the Net.
9:28 of 1st period - Wrist shot by John Moore.
9:28 of 1st period - Deflect By Alex Pietrangelo.
9:28 of 1st period - Stopped by Jake Allen without a rebound.
9:29 of 1st period - Sidney Crosby wins face-off versus Ryan O'Reilly in Sharks zone.
9:36 of 1st period - Shea Theodore is hit by John Moore and loses puck.
9:43 of 1st period - Wrist shot by Chris Kreider.
9:43 of 1st period - Stopped by Jake Allen with a rebound.
9:45 of 1st period - Wrist shot by Ryan O'Reilly.
9:45 of 1st period - Shot Misses the Net.
9:55 of 1st period - John Moore is hit by Jonathan Drouin and loses puck.
10:02 of 1st period - Wrist shot by Jonathan Drouin.
10:02 of 1st period - Shot Misses the Net.
10:04 of 1st period - Slapshot by Teuvo Teravainen.
10:04 of 1st period - Deflect By Mathew Barzal.
10:04 of 1st period - Stopped by Robin Lehner without a rebound.
10:05 of 1st period - Dylan Larkin wins face-off versus Ryan O'Reilly in Canadiens zone.
10:19 of 1st period - Slapshot by Mitch Marner.
10:19 of 1st period - Deflect By Ryan O'Reilly.
10:19 of 1st period - Deflect By Dylan Larkin.
10:19 of 1st period - Stopped by Jake Allen without a rebound.
10:20 of 1st period - Mathew Barzal wins face-off versus Sidney Crosby in Sharks zone.
10:25 of 1st period - Wrist shot by Andreas Athanasiou.
10:25 of 1st period - Stopped by Jake Allen with a rebound.
10:27 of 1st period - Slapshot by Brent Seabrook.
10:27 of 1st period - Stopped by Jake Allen with a rebound.
10:33 of 1st period - Wrist shot by Nino Niederreiter.
10:33 of 1st period - Shot Blocked by Justin Braun.
10:35 of 1st period - Backhand shot by Brent Seabrook.
10:35 of 1st period - Shot Misses the Net.
10:45 of 1st period - Ryan O'Reilly is hit by Alex Pietrangelo and loses puck.
12:08 of 1st period - Snap shot by Mitch Marner.
12:08 of 1st period - Stopped by Jake Allen with a rebound.
12:10 of 1st period - Slapshot by Travis Hamonic.
12:10 of 1st period - Stopped by Jake Allen with a rebound.
12:36 of 1st period - Wrist shot by Shea Theodore.
12:36 of 1st period - Shot Blocked by Nate Thompson.
12:38 of 1st period - Slapshot by Michael Raffl.
12:38 of 1st period - Stopped by Robin Lehner with a rebound.
12:48 of 1st period - Mirco Mueller is hit by Brett Pesce and loses puck.
13:05 of 1st period - Slapshot by Brandon Pirri.
13:05 of 1st period - Stopped by Jake Allen with a rebound.
13:07 of 1st period - Wrist shot by Jordan Weal.
13:07 of 1st period - Stopped by Jake Allen with a rebound.
13:17 of 1st period - Snap shot by Shea Theodore.
13:17 of 1st period - Shot Blocked by Brett Pesce.
13:19 of 1st period - Slapshot by Mirco Mueller.
13:19 of 1st period - Shot Blocked by Nate Thompson.
13:35 of 1st period - Backhand shot by Colton Sceviour.
13:35 of 1st period - Stopped by Robin Lehner without a rebound.
13:36 of 1st period - Ryan O'Reilly wins face-off versus Sidney Crosby in Canadiens zone.
13:41 of 1st period - Snap shot by Chris Kreider.
13:41 of 1st period - Deflect By Mitch Marner.
13:41 of 1st period - Shot Blocked by Alex Pietrangelo.
13:41 of 1st period - Puck is out of play.
13:42 of 1st period - Sidney Crosby wins face-off versus Ryan O'Reilly in Sharks zone.
13:42 of 1st period - Sidney Crosby is hit by Chris Kreider.
14:11 of 1st period - Snap shot by Dylan Larkin.
14:11 of 1st period - Stopped by Robin Lehner with a rebound.
14:13 of 1st period - Snap shot by Jonathan Drouin.
14:13 of 1st period - Shot Blocked by Nino Niederreiter.
14:15 of 1st period - Slapshot by Justin Braun.
14:15 of 1st period - Deflect By Jonathan Drouin.
14:15 of 1st period - Shot Blocked by Brent Seabrook.
14:15 of 1st period - Puck is out of play.
14:16 of 1st period - Mathew Barzal wins face-off versus Dylan Larkin in Canadiens zone.
14:16 of 1st period - Mathew Barzal is hit by Zach Werenski.
14:49 of 1st period - Snap shot by Gabriel Landeskog.
14:49 of 1st period - Stopped by Robin Lehner with a rebound.
14:51 of 1st period - Snap shot by Sidney Crosby.
14:51 of 1st period - Shot Blocked by Adam Larsson.
14:53 of 1st period - Snap shot by Jonathan Huberdeau.
14:53 of 1st period - Goal by Jonathan Huberdeau - Canadiens : 0 - Sharks : 1.
14:54 of 1st period - Ryan O'Reilly wins face-off versus Sidney Crosby in neutral zone.
15:54 of 1st period - Off-side.
15:55 of 1st period - Boone Jenner wins face-off versus Mathew Barzal in neutral zone.
15:58 of 1st period - Snap shot by Boone Jenner.
15:58 of 1st period - Shot Blocked by Adam Larsson.
16:00 of 1st period - Wrist shot by Colton Sceviour.
16:00 of 1st period - Shot Blocked by Adam Larsson.
16:02 of 1st period - Slapshot by Alex Pietrangelo.
16:02 of 1st period - Deflect By Colton Sceviour.
16:02 of 1st period - Shot Misses the Net.
16:02 of 1st period - Puck is out of play.
16:03 of 1st period - Mathew Barzal wins face-off versus Boone Jenner in Canadiens zone.
16:08 of 1st period - Snap shot by Andreas Johnsson.
16:08 of 1st period - Stopped by Robin Lehner without a rebound.
16:09 of 1st period - Boone Jenner wins face-off versus Mathew Barzal in Canadiens zone.
16:36 of 1st period - Bryan Little is hit by Dylan Larkin and loses puck.
17:17 of 1st period - Slapshot by Nino Niederreiter.
17:17 of 1st period - Stopped by Jake Allen without a rebound.
17:18 of 1st period - Mathew Barzal wins face-off versus Robert Thomas in Sharks zone.
17:25 of 1st period - Snap shot by Mathew Barzal.
17:25 of 1st period - Shot Blocked by Colton Sceviour.
19:02 of 1st period - Off-side.
19:03 of 1st period - Dylan Larkin wins face-off versus Bryan Little in neutral zone.
19:12 of 1st period - Slapshot by Dylan Larkin.
19:12 of 1st period - Shot Blocked by Bryan Little.
19:14 of 1st period - Snap shot by Jonathan Drouin.
19:14 of 1st period - Shot Misses the Net.
19:16 of 1st period - Slapshot by Tyson Barrie.
19:16 of 1st period - Shot Misses the Net.
19:18 of 1st period - Backhand shot by Tyson Barrie.
19:18 of 1st period - Shot Misses the Net.
19:20 of 1st period - Snap shot by Teuvo Teravainen.
19:20 of 1st period - Shot Misses the Net.
19:27 of 1st period - Icing by Magnus Paajarvi.
19:28 of 1st period - Sidney Crosby wins face-off versus Bryan Little in Canadiens zone.
19:37 of 1st period - Snap shot by Gabriel Landeskog.
19:37 of 1st period - Shot Misses the Net.
19:39 of 1st period - Snap shot by Gabriel Landeskog.
19:39 of 1st period - Shot Misses the Net.
19:41 of 1st period - Snap shot by Shea Theodore.
19:41 of 1st period - Stopped by Robin Lehner with a rebound.
19:43 of 1st period - Snap shot by Sidney Crosby.
19:43 of 1st period - Shot Misses the Net.
Goals for this period are 0 for Canadiens vs 1 for Sharks.
Shots for this period are 14 for Canadiens vs 8 for Sharks.

2nd period


0:01 of 2nd period - Boone Jenner wins face-off versus Ryan O'Reilly in neutral zone.
0:16 of 2nd period - Wrist shot by Boone Jenner.
0:16 of 2nd period - Stopped by Robin Lehner with a rebound.
0:51 of 2nd period - Slapshot by Gabriel Landeskog.
0:51 of 2nd period - Deflect By Jonathan Huberdeau.
0:51 of 2nd period - Shot Misses the Net.
0:51 of 2nd period - Puck is out of play.
0:52 of 2nd period - Bryan Little wins face-off versus Sidney Crosby in Canadiens zone.
0:56 of 2nd period - Off-side.
0:57 of 2nd period - Ryan O'Reilly wins face-off versus Boone Jenner in neutral zone.
1:04 of 2nd period - Wrist shot by Chris Kreider.
1:04 of 2nd period - Stopped by Jake Allen without a rebound.
1:05 of 2nd period - Ryan O'Reilly wins face-off versus Boone Jenner in Sharks zone.
1:23 of 2nd period - Snap shot by Mitch Marner.
1:23 of 2nd period - Shot Misses the Net.
1:36 of 2nd period - Wrist shot by Ryan O'Reilly.
1:36 of 2nd period - Shot Misses the Net.
1:38 of 2nd period - Snap shot by Chris Kreider.
1:38 of 2nd period - Shot Misses the Net.
2:13 of 2nd period - Snap shot by Chris Kreider.
2:13 of 2nd period - Shot Blocked by Mirco Mueller.
2:25 of 2nd period - Slapshot by Chris Kreider.
2:25 of 2nd period - Shot Misses the Net.
2:27 of 2nd period - Slapshot by Adam Larsson.
2:27 of 2nd period - Shot Blocked by Shea Theodore.
2:59 of 2nd period - Snap shot by Andreas Johnsson.
2:59 of 2nd period - Shot Blocked by Travis Hamonic.
3:10 of 2nd period - Off-side.
3:11 of 2nd period - Mathew Barzal wins face-off versus Dylan Larkin in neutral zone.
3:11 of 2nd period - Andreas Athanasiou is hit by Justin Braun and loses puck.
3:18 of 2nd period - Wrist shot by Teuvo Teravainen.
3:18 of 2nd period - Stopped by Robin Lehner without a rebound.
3:19 of 2nd period - Dylan Larkin wins face-off versus Mathew Barzal in Canadiens zone.
3:33 of 2nd period - Wrist shot by Dylan Larkin.
3:33 of 2nd period - Shot Misses the Net.
3:35 of 2nd period - Wrist shot by Dylan Larkin.
3:35 of 2nd period - Shot Blocked by Brent Seabrook.
3:37 of 2nd period - Slapshot by Justin Braun.
3:37 of 2nd period - Shot Blocked by Mathew Barzal.
3:39 of 2nd period - Slapshot by Alex Pietrangelo.
3:39 of 2nd period - Deflect By Teuvo Teravainen.
3:39 of 2nd period - Stopped by Robin Lehner with a rebound.
3:41 of 2nd period - Slapshot by Alex Pietrangelo.
3:41 of 2nd period - Deflect By Dylan Larkin.
3:41 of 2nd period - Stopped by Robin Lehner without a rebound.
3:42 of 2nd period - Sidney Crosby wins face-off versus Bryan Little in Canadiens zone.
3:45 of 2nd period - Snap shot by Sidney Crosby.
3:45 of 2nd period - Stopped by Robin Lehner without a rebound.
3:46 of 2nd period - Gabriel Landeskog wins face-off versus Bryan Little in Canadiens zone.
4:45 of 2nd period - Jonathan Huberdeau is hit by Magnus Paajarvi and loses puck.
5:18 of 2nd period - Backhand shot by Jordan Weal.
5:18 of 2nd period - Stopped by Jake Allen with a rebound.
7:13 of 2nd period - Snap shot by Max Pacioretty.
7:13 of 2nd period - Goal by Max Pacioretty - Canadiens : 1 - Sharks : 1.
7:14 of 2nd period - Dylan Larkin wins face-off versus Ryan O'Reilly in neutral zone.
8:30 of 2nd period - Snap shot by Chris Kreider.
8:30 of 2nd period - Stopped by Jake Allen with a rebound.
9:25 of 2nd period - Slapshot by Teuvo Teravainen.
9:25 of 2nd period - Stopped by Robin Lehner without a rebound.
9:26 of 2nd period - Dylan Larkin wins face-off versus Brandon Pirri in Canadiens zone.
10:02 of 2nd period - Snap shot by Boone Jenner.
10:02 of 2nd period - Stopped by Robin Lehner with a rebound.
10:41 of 2nd period - Wrist shot by Bryan Little.
10:41 of 2nd period - Stopped by Jake Allen without a rebound.
10:42 of 2nd period - Ryan O'Reilly wins face-off versus Sidney Crosby in Sharks zone.
12:11 of 2nd period - Mirco Mueller is hit by Travis Hamonic and loses puck.
12:32 of 2nd period - Snap shot by Mathew Barzal.
12:32 of 2nd period - Stopped by Jake Allen with a rebound.
12:44 of 2nd period - Gabriel Landeskog is hit by Adam Larsson and loses puck.
13:09 of 2nd period - Off-side.
13:10 of 2nd period - Boone Jenner wins face-off versus Mathew Barzal in neutral zone.
13:15 of 2nd period - Slapshot by Tyson Barrie.
13:15 of 2nd period - Shot Blocked by Andreas Athanasiou.
13:17 of 2nd period - Slapshot by Zach Werenski.
13:17 of 2nd period - Shot Misses the Net.
13:19 of 2nd period - Wrist shot by Andreas Johnsson.
13:19 of 2nd period - Shot Misses the Net.
13:21 of 2nd period - Slapshot by Colton Sceviour.
13:21 of 2nd period - Shot Blocked by Nino Niederreiter.
13:23 of 2nd period - Slapshot by Tyson Barrie.
13:23 of 2nd period - Shot Blocked by Jake Muzzin.
13:25 of 2nd period - Snap shot by Colton Sceviour.
13:25 of 2nd period - Stopped by Robin Lehner without a rebound.
13:26 of 2nd period - Dylan Larkin wins face-off versus Ryan O'Reilly in Canadiens zone.
13:27 of 2nd period - Wrist shot by Teuvo Teravainen.
13:27 of 2nd period - Stopped by Robin Lehner with a rebound.
13:29 of 2nd period - Wrist shot by Jonathan Drouin.
13:29 of 2nd period - Shot Blocked by Ryan O'Reilly.
13:31 of 2nd period - Slapshot by Tyson Barrie.
13:31 of 2nd period - Shot Misses the Net.
13:53 of 2nd period - Nino Niederreiter is hit by Boone Jenner and loses puck.
14:14 of 2nd period - Slapshot by Sidney Crosby.
14:14 of 2nd period - Shot Misses the Net.
14:16 of 2nd period - Slapshot by Jonathan Huberdeau.
14:16 of 2nd period - Shot Misses the Net.
14:18 of 2nd period - Wrist shot by Jonathan Huberdeau.
14:18 of 2nd period - Stopped by Robin Lehner without a rebound.
14:19 of 2nd period - Sidney Crosby wins face-off versus Brandon Pirri in Canadiens zone.
15:10 of 2nd period - Slapshot by Jordan Weal.
15:10 of 2nd period - Stopped by Jake Allen with a rebound.
15:12 of 2nd period - Slapshot by Travis Hamonic.
15:12 of 2nd period - Stopped by Jake Allen with a rebound.
15:14 of 2nd period - Snap shot by Adam Larsson.
15:14 of 2nd period - Stopped by Jake Allen without a rebound.
15:15 of 2nd period - Ryan O'Reilly wins face-off versus Jonathan Drouin in Sharks zone.
15:22 of 2nd period - Slapshot by Chris Kreider.
15:22 of 2nd period - Deflect By Ryan O'Reilly.
15:22 of 2nd period - Shot Misses the Net.
15:22 of 2nd period - Puck is out of play.
15:23 of 2nd period - Ryan O'Reilly wins face-off versus Dylan Larkin in Sharks zone.
15:49 of 2nd period - Icing by Brent Seabrook.
15:50 of 2nd period - Ryan O'Reilly wins face-off versus Boone Jenner in Canadiens zone.
16:01 of 2nd period - Wrist shot by Ryan O'Reilly.
16:01 of 2nd period - Shot Misses the Net.
16:03 of 2nd period - Slapshot by Ryan O'Reilly.
16:03 of 2nd period - Shot Blocked by Zach Werenski.
16:11 of 2nd period - Snap shot by Mitch Marner.
16:11 of 2nd period - Shot Blocked by Boone Jenner.
16:13 of 2nd period - Snap shot by Chris Kreider.
16:13 of 2nd period - Shot Misses the Net.
16:15 of 2nd period - Wrist shot by Jake Muzzin.
16:15 of 2nd period - Stopped by Jake Allen with a rebound.
16:17 of 2nd period - Snap shot by Chris Kreider.
16:17 of 2nd period - Shot Misses the Net.
16:49 of 2nd period - Wrist shot by Mitch Marner.
16:49 of 2nd period - Shot Misses the Net.
16:51 of 2nd period - Slapshot by Brent Seabrook.
16:51 of 2nd period - Shot Misses the Net.
16:53 of 2nd period - Slapshot by Brent Seabrook.
16:53 of 2nd period - Stopped by Jake Allen without a rebound.
16:54 of 2nd period - Dylan Larkin wins face-off versus Mathew Barzal in Sharks zone.
17:01 of 2nd period - Wrist shot by Dylan Larkin.
17:01 of 2nd period - Shot Misses the Net.
17:03 of 2nd period - Slapshot by Alex Pietrangelo.
17:03 of 2nd period - Deflect By Andreas Athanasiou.
17:03 of 2nd period - Stopped by Robin Lehner with a rebound.
17:05 of 2nd period - Backhand shot by Justin Braun.
17:05 of 2nd period - Deflect By Nino Niederreiter.
17:05 of 2nd period - Stopped by Robin Lehner with a rebound.
17:07 of 2nd period - Slapshot by Alex Pietrangelo.
17:07 of 2nd period - Shot Blocked by Andreas Athanasiou.
17:09 of 2nd period - Snap shot by Jonathan Drouin.
17:09 of 2nd period - Stopped by Robin Lehner without a rebound.
17:10 of 2nd period - Bryan Little wins face-off versus Sidney Crosby in Canadiens zone.
17:12 of 2nd period - Minor Penalty to Max Pacioretty for Holding.
17:13 of 2nd period - Sidney Crosby wins face-off versus Ryan O'Reilly in Canadiens zone.
17:13 of 2nd period - Wrist shot by Gabriel Landeskog.
17:13 of 2nd period - Deflect By Jonathan Drouin.
17:13 of 2nd period - Shot Blocked by Jake Muzzin.
17:13 of 2nd period - Puck is out of play.
17:14 of 2nd period - Mitch Marner wins face-off versus Sidney Crosby in Canadiens zone.
18:23 of 2nd period - Alex Pietrangelo is hit by Magnus Paajarvi.
19:12 of 2nd period - Penalty to Max Pacioretty is over, Max Pacioretty is back on ice.
19:14 of 2nd period - Slapshot by Magnus Paajarvi.
19:14 of 2nd period - Shot Misses the Net.
19:16 of 2nd period - Wrist shot by Magnus Paajarvi.
19:16 of 2nd period - Shot Misses the Net.
19:28 of 2nd period - Wrist shot by Bryan Little.
19:28 of 2nd period - Shot Misses the Net.
19:51 of 2nd period - Wrist shot by Magnus Paajarvi.
19:51 of 2nd period - Shot Misses the Net.
Goals for this period are 1 for Canadiens vs 0 for Sharks.
Shots for this period are 11 for Canadiens vs 13 for Sharks.

3rd period


0:01 of 3rd period - Mathew Barzal wins face-off versus Dylan Larkin in neutral zone.
0:10 of 3rd period - Minor Penalty to Jonathan Drouin for Hooking.
0:11 of 3rd period - Colton Sceviour wins face-off versus Ryan O'Reilly in Sharks zone.
0:23 of 3rd period - Wrist shot by Boone Jenner.
0:23 of 3rd period - Shot Misses the Net.
0:25 of 3rd period - Slapshot by Boone Jenner.
0:25 of 3rd period - Shot Blocked by Brent Seabrook.
0:27 of 3rd period - Wrist shot by Justin Braun.
0:27 of 3rd period - Shot Misses the Net.
0:37 of 3rd period - Mirco Mueller is hit by Jake Muzzin and loses puck.
0:58 of 3rd period - Slapshot by Justin Braun.
0:58 of 3rd period - Deflect By Boone Jenner.
0:58 of 3rd period - Shot Blocked by Adam Larsson.
0:58 of 3rd period - Puck is out of play.
0:59 of 3rd period - Ryan O'Reilly wins face-off versus Colton Sceviour in Canadiens zone.
1:29 of 3rd period - Zach Werenski is hit by Mathew Barzal and loses puck.
2:00 of 3rd period - Colton Sceviour is hit by Travis Hamonic and loses puck.
2:10 of 3rd period - Penalty to Jonathan Drouin is over, Jonathan Drouin is back on ice.
2:24 of 3rd period - Minor Penalty to Magnus Paajarvi for Hooking.
2:25 of 3rd period - Ryan O'Reilly wins face-off versus Sidney Crosby in Canadiens zone.
2:25 of 3rd period - Ryan O'Reilly is hit by Shea Theodore.
2:36 of 3rd period - Mitch Marner is hit by Alex Pietrangelo and loses puck.
4:24 of 3rd period - Penalty to Magnus Paajarvi is over, Magnus Paajarvi is back on ice.
4:30 of 3rd period - Snap shot by Brandon Pirri.
4:30 of 3rd period - Shot Misses the Net.
4:32 of 3rd period - Slapshot by Brett Pesce.
4:32 of 3rd period - Shot Blocked by Tyson Barrie.
4:34 of 3rd period - Slapshot by Brandon Pirri.
4:34 of 3rd period - Shot Misses the Net.
4:41 of 3rd period - Off-side.
4:42 of 3rd period - Boone Jenner wins face-off versus Bryan Little in neutral zone.
6:47 of 3rd period - Snap shot by Brandon Pirri.
6:47 of 3rd period - Stopped by Jake Allen without a rebound.
6:48 of 3rd period - Jordan Weal wins face-off versus Robert Thomas in Sharks zone.
7:04 of 3rd period - Minor Penalty to Justin Braun for Interference.
7:05 of 3rd period - Colton Sceviour wins face-off versus Ryan O'Reilly in Sharks zone.
7:05 of 3rd period - Colton Sceviour is hit by Ryan O'Reilly.
9:04 of 3rd period - Penalty to Justin Braun is over, Justin Braun is back on ice.
9:13 of 3rd period - Snap shot by Jonathan Huberdeau.
9:13 of 3rd period - Stopped by Robin Lehner without a rebound.
9:14 of 3rd period - Sidney Crosby wins face-off versus Bryan Little in Canadiens zone.
9:33 of 3rd period - Brett Pesce is hit by Dylan Larkin and loses puck.
10:23 of 3rd period - Icing by Brent Seabrook.
10:24 of 3rd period - Dylan Larkin wins face-off versus Mathew Barzal in Canadiens zone.
10:25 of 3rd period - Snap shot by Teuvo Teravainen.
10:25 of 3rd period - Shot Misses the Net.
10:27 of 3rd period - Slapshot by Tyson Barrie.
10:27 of 3rd period - Shot Misses the Net.
10:59 of 3rd period - Wrist shot by Bryan Little.
10:59 of 3rd period - Shot Blocked by Zach Werenski.
11:01 of 3rd period - Slapshot by Brent Seabrook.
11:01 of 3rd period - Deflect By Colton Sceviour.
11:01 of 3rd period - Stopped by Jake Allen with a rebound.
11:17 of 3rd period - Snap shot by Chris Kreider.
11:17 of 3rd period - Stopped by Jake Allen without a rebound.
11:18 of 3rd period - Jonathan Drouin wins face-off versus Ryan O'Reilly in Sharks zone.
11:18 of 3rd period - Jonathan Drouin is hit by Adam Larsson.
12:18 of 3rd period - Snap shot by Mitch Marner.
12:18 of 3rd period - Stopped by Jake Allen without a rebound.
12:19 of 3rd period - Sidney Crosby wins face-off versus Mathew Barzal in Sharks zone.
12:35 of 3rd period - Backhand shot by Mathew Barzal.
12:35 of 3rd period - Shot Blocked by Sidney Crosby.
12:45 of 3rd period - Tyson Barrie is hit by Jake Muzzin and loses puck.
13:17 of 3rd period - Wrist shot by Brandon Pirri.
13:17 of 3rd period - Stopped by Jake Allen without a rebound.
13:18 of 3rd period - Sidney Crosby wins face-off versus Mathew Barzal in Sharks zone.
13:31 of 3rd period - Backhand shot by Sidney Crosby.
13:31 of 3rd period - Stopped by Robin Lehner without a rebound.
13:32 of 3rd period - Jonathan Drouin wins face-off versus Ryan O'Reilly in Canadiens zone.
13:36 of 3rd period - Minor Penalty to Adam Larsson for Roughing.
13:37 of 3rd period - Sidney Crosby wins face-off versus Mitch Marner in Canadiens zone.
13:53 of 3rd period - Snap shot by Alex Pietrangelo.
13:53 of 3rd period - Shot Misses the Net.
14:52 of 3rd period - Slapshot by Magnus Paajarvi.
14:52 of 3rd period - Shot Misses the Net.
15:08 of 3rd period - Shea Theodore is hit by Mathew Barzal and loses puck.
15:36 of 3rd period - Penalty to Adam Larsson is over, Adam Larsson is back on ice.
15:53 of 3rd period - Wrist shot by Mathew Barzal.
15:53 of 3rd period - Stopped by Jake Allen without a rebound.
15:54 of 3rd period - Boone Jenner wins face-off versus Max Pacioretty in Sharks zone.
15:54 of 3rd period - Boone Jenner is hit by Bryan Little.
16:36 of 3rd period - Icing by Zach Werenski.
16:37 of 3rd period - Ryan O'Reilly wins face-off versus Sidney Crosby in Sharks zone.
17:02 of 3rd period - Zach Werenski is hit by Andreas Athanasiou and loses puck.
17:33 of 3rd period - Slapshot by Tyson Barrie.
17:33 of 3rd period - Stopped by Robin Lehner with a rebound.
17:35 of 3rd period - Slapshot by Tyson Barrie.
17:35 of 3rd period - Stopped by Robin Lehner with a rebound.
17:37 of 3rd period - Slapshot by Colton Sceviour.
17:37 of 3rd period - Shot Misses the Net.
17:58 of 3rd period - Wrist shot by Bryan Little.
17:58 of 3rd period - Shot Blocked by Shea Theodore.
18:00 of 3rd period - Slapshot by Jake Muzzin.
18:00 of 3rd period - Stopped by Jake Allen without a rebound.
18:01 of 3rd period - Boone Jenner wins face-off versus Max Pacioretty in Sharks zone.
18:03 of 3rd period - Minor Penalty to Boone Jenner for Hooking.
18:04 of 3rd period - Colton Sceviour wins face-off versus Ryan O'Reilly in Sharks zone.
18:12 of 3rd period - Slapshot by Ryan O'Reilly.
18:12 of 3rd period - Shot Misses the Net.
18:14 of 3rd period - Slapshot by Brent Seabrook.
18:14 of 3rd period - Stopped by Jake Allen without a rebound.
18:15 of 3rd period - Colton Sceviour wins face-off versus Ryan O'Reilly in Sharks zone.
18:15 of 3rd period - Colton Sceviour is hit by Ryan O'Reilly.
Goals for this period are 0 for Canadiens vs 0 for Sharks.
Shots for this period are 8 for Canadiens vs 4 for Sharks.

Overtime #1


0:01 of 1st overtime period - Ryan O'Reilly wins face-off versus Colton Sceviour in neutral zone.
0:03 of 1st overtime period - Penalty to Boone Jenner is over, Boone Jenner is back on ice.
0:18 of 1st overtime period - Slapshot by Alex Pietrangelo.
0:18 of 1st overtime period - Stopped by Robin Lehner without a rebound.
0:19 of 1st overtime period - Sidney Crosby wins face-off versus Ryan O'Reilly in Canadiens zone.
0:28 of 1st overtime period - Snap shot by Dylan Larkin.
0:28 of 1st overtime period - Stopped by Robin Lehner without a rebound.
0:29 of 1st overtime period - Ryan O'Reilly wins face-off versus Sidney Crosby in Canadiens zone.
0:50 of 1st overtime period - Wrist shot by Sidney Crosby.
0:50 of 1st overtime period - Shot Misses the Net.
0:52 of 1st overtime period - Slapshot by Dylan Larkin.
0:52 of 1st overtime period - Shot Blocked by Brent Seabrook.
0:54 of 1st overtime period - Slapshot by Alex Pietrangelo.
0:54 of 1st overtime period - Shot Blocked by Ryan O'Reilly.
0:56 of 1st overtime period - Backhand shot by Alex Pietrangelo.
0:56 of 1st overtime period - Shot Misses the Net.
0:58 of 1st overtime period - Snap shot by Alex Pietrangelo.
0:58 of 1st overtime period - Stopped by Robin Lehner with a rebound.
1:30 of 1st overtime period - Wrist shot by Dylan Larkin.
1:30 of 1st overtime period - Stopped by Robin Lehner without a rebound.
1:31 of 1st overtime period - Mathew Barzal wins face-off versus Jonathan Huberdeau in Canadiens zone.
1:38 of 1st overtime period - Slapshot by Jake Muzzin.
1:38 of 1st overtime period - Stopped by Jake Allen with a rebound.
1:40 of 1st overtime period - Wrist shot by Chris Kreider.
1:40 of 1st overtime period - Goal by Chris Kreider - Canadiens : 2 - Sharks : 1.
Goals for this period are 1 for Canadiens vs 0 for Sharks.
Shots for this period are 2 for Canadiens vs 4 for Sharks.